 Dungeon Crawl Stone Soup version 0.29.1-1-gd02db6906a (webtiles) character file.

Game seed: 5869527878379074006

439 funnyparkerb the Insei (level 7, -12/45 HPs)
             Began as an Octopode Transmuter on Oct 20, 2022.
             Shot with an arrow by a centaur (16 damage)
             ... on level 5 of the Dungeon.
             The game lasted 00:08:35 (6572 turns).

funnyparkerb the Insei (Octopode Transmuter)        Turns: 6572, Time: 00:08:36

Health: -12/45     AC:  2    Str:  9    XL:     7   Next: 1%
Magic:  9/11       EV: 19    Int: 15    God:
Gold:   223        SH:  0    Dex: 20    Spells: 6/12 levels left

rFire   . . .      SeeInvis .     - Unarmed
rCold   . . .      Faith    .   (shield currently unavailable)
rNeg    . . .      Spirit   .   (helmet currently unavailable)
rPois   x          Reflect  .   (no amulet)
rElec   .          Harm     .   s - ring of resist corrosion
rCorr   +          Rampage  .   (no ring)
Will    .....                   (no ring)
Stlth   ++........              (no ring)
HPRegen 0.15/turn               (no ring)
MPRegen 0.12/turn               (no ring)
                                (no ring)
                                (no ring)

@: spider-form (expiring)
A: venomous fangs, almost no armour, (amphibious), 8 rings, tiny, (camouflage
1), (gelatinous body 1), (nimble swimmer 1), (tentacles)
a: End Transformation


You were on level 5 of the Dungeon.
You were a venomous arachnid creature.
You visited 1 branch of the dungeon, and saw 5 of its levels.

You collected 223 gold pieces.

Inventory:

Missiles
 m - 14 poisoned darts
Jewellery
 s - a ring of resist corrosion (left front leg)
Wands
 o - a wand of light (13)
Scrolls
 b - a scroll of noise {unknown}
 c - a scroll of fear
 d - a scroll of enchant weapon {unknown}
 f - a scroll of enchant armour {unknown}
 h - 4 scrolls of identify
 i - a scroll of immolation {unknown}
 j - a scroll of teleportation {unknown}
 q - a scroll of poison {unknown}
Potions
 a - 2 potions of lignification
 e - 2 potions of berserk rage {unknown}
 g - 2 potions of curing
 k - 4 potions of mutation {unknown}
 l - a potion of attraction {unknown}
 n - 2 potions of flight {unknown}
 p - a potion of resistance
 r - a potion of might {unknown}


   Skills:
 - Level 2.0 Fighting
 - Level 2.0 Dodging
 + Level 4.8 Unarmed Combat
 - Level 3.0 Spellcasting
 - Level 4.0 Transmutations
 - Level 4.0 Poison Magic


You had 6 spell levels left.
You knew the following spells:

 Your Spells              Type           Power      Damage    Failure   Level
a - Beastly Appendage     Tmut           28%        N/A       12%         1
b - Wereblood             Tmut           14%        N/A       17%         2
c - Spider Form           Tmut/Pois      14%        N/A       28%         3

Your spell library contained the following spells:

 Spells                   Type           Power      Damage    Failure   Level
 Ice Form                 Ice/Tmut       8%         N/A       83%         4


Dungeon Overview and Level Annotations

Branches:
Dungeon (5/15)
 Temple: D:4-7

Altars:


Innate Abilities, Weirdness & Mutations

You are a venomous arachnid creature.
You have poisonous fangs.
You are tiny and dextrous.
Your spellcasting is less reliable in this form.
Your armour is entirely melded.
You are incapable of wielding weapons or throwing items.
You cannot wear most types of armour.
((You are amphibious.))
You can wear up to eight rings at the same time.
((Your skin changes colour to match your surroundings (Stealth+).))
((Your rubbery body absorbs attacks. (AC +1, EV +1)))
((You are camouflaged when in or above water. (Stealth+)))
((You have tentacles for arms and can constrict up to eight enemies at once.))


Message History

You kill the iguana!
You start resting.
HP restored.
Casting: Spider Form (dangerous; 12% risk of failure)
Confirm with . or Enter, or press ? or * to list all spells.
Okay, then.
Unknown command.
Casting: Spider Form (dangerous; 12% risk of failure)
Confirm with . or Enter, or press ? or * to list all spells.
You turn into a venomous arachnid creature.
You climb downwards.
The jelly hits you.
You are splashed with acid.
You resist.
There is a stone staircase leading up, spattered with blood here.
You bite the jelly!
Your front legs burn!
The jelly is moderately wounded.
The jelly closely misses you.
You bite the jelly!
Your front legs burn!
The jelly is severely wounded.
The jelly hits you but does no damage.
You hit the jelly.
The jelly is poisoned.
Your front legs burn!
The jelly is severely wounded.
The jelly misses you.
You bite the jelly!
You kill the jelly!
You have reached level 7!
You see here the +1 robe of Eternity {rPois Str+5 Dex-2}.
Your transformation is almost over.
A centaur is nearby!
The centaur shoots an arrow.
The arrow barely misses you.
The centaur shoots an arrow.
The arrow closely misses you.
The centaur shoots an arrow.
The arrow completely misses you.
The centaur shoots an arrow.
The arrow hits you!
A wraith comes into view.
An adder comes into view.
The adder hisses angrily.
The centaur shoots an arrow.
The arrow hits you!
The centaur shoots an arrow.
The arrow hits you!
* * * LOW HITPOINT WARNING * * *
The centaur shoots an arrow.
The arrow hits you!
You die...

##)###..#######
...#########.).##..##....#
...........#.<.gc...#.....
..........#...g....#.....
.........#.......##....#
#.......'.......#####'#
#......##...##....)...)
##.....#######.........
#<[...s#...............
#........c.............
##...####.##########..#
......####<#############
#...W...................
#.......................
#.......................
##..######.###.#....#..#
### ###########


You could see a wraith (wandering) and a centaur.

Vanquished Creatures
  An ogre (D:4)
  A necrophage (D:5)
  A jelly (D:5)
  A hound (D:5)
  Jessica (D:2)
  An iguana (D:4)
  An orc wizard (D:4)
  4 adders
  A gnoll (D:5)
  An ufetubus (D:4)
  3 worms
  A dart slug (D:2)
  8 orcs
  4 ball pythons
  5 bats
  5 endoplasms
  7 giant cockroaches
  6 goblins
  10 hobgoblins
  5 jackals
  A quokka (D:3)
  3 frilled lizards
  11 kobolds
  A rat (D:2)
83 creatures vanquished.

Notes
Turn   | Place    | Note
-------+----------+-------------------------------------------
     0 | D:1      | funnyparkerb the Octopode Transmuter began the quest for
                  | the Orb.
     0 | D:1      | Reached XP level 1. HP: 13/13 MP: 3/3
   145 | D:1      | Reached XP level 2. HP: 13/18 MP: 3/5
   472 | D:1      | Learned a level 2 spell: Wereblood
   938 | D:1      | Found a faded altar of an unknown god.
  1041 | D:1      | Reached XP level 3. HP: 23/23 MP: 6/6
  1462 | D:2      | Learned a level 3 spell: Spider Form
  1476 | D:2      | Noticed Jessica
  2193 | D:3      | Reached skill level 1 in Poison Magic
  2193 | D:3      | Reached XP level 4. HP: 10/28 MP: 3/7
  3848 | D:4      | Noticed an ogre
  3951 | D:4      | Reached XP level 5. HP: 30/33 MP: 4/8
  4200 | D:4      | Killed an ogre
  4375 | D:4      | Reached XP level 6. HP: 26/39 MP: 6/9
  5124 | D:2      | Killed Jessica
  5539 | D:5      | Entered Level 5 of the Dungeon
  5608 | D:5      | Identified the +9 quarterstaff of Sudden Death {flame, rN+
                  | Will++}
  6561 | D:5      | Reached XP level 7. HP: 32/45 MP: 7/11
  6561 | D:5      | Identified the +1 robe of Eternity {rPois Str+5 Dex-2}
  6569 | D:5      | Noticed a wraith
  6572 | D:5      | Shot with an arrow by a centaur

Illustrated notes

Levels and vault maps discovered:
D:1:      dpeg_arrival_houses_and_road, layout_basic,
          ebering_ecumenical_altar_ruins, minmay_distorted
D:2:      layout_basic, serial_aquarium, aquarium_bridge_square
          [aquarium_subvault_wall, aquarium_subvault_window,
          aquarium_subvault_balcony, aquarium_subvault_bridge],
          aquarium_bridge_island_large [aquarium_subvault_large_1_pool,
          aquarium_subvault_wall, aquarium_subvault_balcony,
          aquarium_subvault_bridge, aquarium_subvault_bridge],
          aquarium_window_1, aquarium_window_1, aquarium_window_1,
          aquarium_view_2c, aquarium_view_2d, aquarium_balcony_3b,
          minmay_pentomino_w4, uniq_jessica
D:3:      layout_loops_corners
D:4:      layout_gridville, minmay_misc_feat_more_columns
D:5:      layout_gridville

Skill      XL: |  1  2  3  4  5  6 |
---------------+-------------------+-----
Transmutations | 3 4 |  4.0
Poison Magic   | 1 3 4 |  4.0
Fighting       | 2 |  2.0
Unarmed Combat | 4 |  4.8
Spellcasting   | 3 |  3.0
Dodging        | |  2.0

Action                   |  1- 3 |  4- 6 |  7- 9 || total
-------------------------+-------+-------+-------++-------
Melee: Unarmed           |    79 |   121 |       ||   200
       Kick              |    20 |    20 |       ||    40
       Constrict         |    24 |    26 |       ||    50
       Tentacles         |    18 |    20 |       ||    38
       Punch             |     2 |     2 |       ||     4
Throw: Dart              |     6 |       |       ||     6
 Cast: Beastly Appendage |    21 |    24 |       ||    45
       Wereblood         |     5 |    13 |       ||    18
       Spider Form       |       |     5 |       ||     5
  Use: Potion            |       |     3 |       ||     3
       Scroll            |       |     2 |       ||     2
 Stab: Sleeping          |     5 |     6 |       ||    11
       Distracted        |       |     1 |       ||     1
Armor: Skin              |     8 |    16 |       ||    24
Dodge: Dodged            |    46 |    61 |     3 ||   110
